 Dungeon Crawl Stone Soup version 0.28-b1-25-g9875b3fc8c (webtiles) character file.

Game seed: 3807960353484881598

1596 vvl the Firebug (level 8, 0/59 HPs)
             Began as a Demonspawn Fire Elementalist on Feb 3, 2022.
             Was an Initiate of Makhleb.
             Slain by Duvessa (2 damage)
             ... on level 6 of the Dungeon.
             The game lasted 00:14:19 (7268 turns).

vvl the Firebug (Demonspawn Fire Elementalist)      Turns: 7268, Time: 00:14:19

Health: 0/59       AC:  4    Str:  8    XL:     8   Next: 62%
Magic:  10/23      EV: 13    Int: 19    God:    Makhleb [......]
Gold:   163        SH:  0    Dex: 14    Spells: 12/15 levels left

rFire   + . .      SeeInvis .   A - +2 whip (flame)
rCold   . . .      Faith    .   (no shield)
rNeg    . . .      Spirit   .   a - +0 robe
rPois   .          Reflect  .   (no helmet)
rElec   .          Harm     .   (no cloak)
rCorr   .          Rampage  .   (no gloves)
Will    .....                   (no boots)
Stlth   ++........              (no amulet)
HPRegen 0.19/turn               i - ring of protection from fire
MPRegen 0.18/turn               l - ring of magical power

@: very slightly contaminated
A: hooves 1, rugged brown scales 2, demonic magic 2
a: Renounce Religion


You were on level 6 of the Dungeon.
You worshipped Makhleb.
Makhleb was noncommittal.
You visited 2 branches of the dungeon, and saw 7 of its levels.

You collected 163 gold pieces.

Inventory:

Hand Weapons
 e - a +2 dagger of draining
 t - a +4 dagger
 v - a +0 war axe
 A - a +2 whip of flaming (weapon)
Armour
 a - a +0 robe (worn)
Jewellery
 i - a ring of protection from fire (left hand)
 l - a ring of magical power (right hand)
Wands
 r - a wand of acid (4)
 w - a wand of paralysis (12)
 y - a wand of flame (9)
Scrolls
 b - 2 scrolls of magic mapping {unknown}
 c - 2 scrolls of vulnerability {unknown}
 f - a scroll of enchant weapon {unknown}
 j - 4 scrolls of identify {unknown}
 k - a scroll of fear {unknown}
 n - 2 scrolls of enchant armour {unknown}
 o - 3 scrolls of blinking {unknown}
 s - 2 scrolls of teleportation {unknown}
 u - 2 scrolls of fog {unknown}
Potions
 d - a potion of cancellation {unknown}
 g - a potion of heal wounds {unknown}
 h - a potion of flight {unknown}
 m - a potion of invisibility {unknown}
 p - a potion of berserk rage {unknown}
 q - a potion of curing {unknown}
 z - 2 potions of brilliance {unknown}
 B - a potion of mutation {unknown}


   Skills:
 + Level 2.7 Fighting
 + Level 2.5 Armour
 + Level 3.9 Dodging
 - Level 2.0 Stealth
 + Level 4.0 Spellcasting
 + Level 3.8 Conjurations
 + Level 3.9 Necromancy
 * Level 5.6 Fire Magic
 + Level 3.4 Invocations


You had 12 spell levels left.
You knew the following spells:

 Your Spells              Type           Power      Damage    Failure   Level
a - Foxfire               Conj/Fire      84%        2x1d8     1%          1
b - Scorch                Fire           50%        2d8       1%          2

Your spell library contained the following spells:

 Spells                   Type           Power      Damage    Failure   Level
 Animate Skeleton         Necr           36%        N/A       2%          1
 Conjure Flame            Conj/Fire      21%        6-21      6%          3
 Inner Flame              Hex/Fire       14%        N/A       13%         3
 Apportation              Tloc           6%         N/A       14%         1
 Summon Small Mammal      Summ           12%        N/A       14%         1
 Flame Wave               Conj/Fire      21%        2d7       19%         4
 Petrify                  Tmut/Erth      3%         N/A       80%         4
 Freezing Cloud           Conj/Ice/Air   4%         6-21      92%         5
 Metabolic Englaciation   Hex/Ice        1%         N/A       98%         5
 Simulacrum               Ice/Necr       5%         N/A       100%        6
 Statue Form              Tmut/Erth      2%         N/A       100%        6
 Polar Vortex             Ice            1%         N/A       100%        9


Dungeon Overview and Level Annotations

Branches:
Dungeon (6/15)             Temple (1/1) D:4

Altars:
Ashenzari
Cheibriados
Dithmenos
Elyvilon
Fedhas
Gozag
Kikubaaqudgha
Makhleb
Nemelex Xobeh
Okawaru
Qazlal
Ru
Sif Muna
Trog
Uskayaw
Vehumet
Wu Jian
Xom
Yredelemnul
Zin
The Shining One

Shops:
D:5 (

Annotations:
D:5 2 transporters, vvl's ghost, novice DrVM
D:6 Duvessa; Eustachio


Innate Abilities, Weirdness & Mutations

You have large cloven feet.
You are mostly covered in rugged brown scales. (AC +2, +5% HP)
Spells you cast may paralyse nearby enemies.


Message History

Nothing appears to happen.
The foxfire hits Duvessa.
Duvessa is heavily wounded.
The foxfire hits Duvessa but does no damage.
Duvessa is heavily wounded.
Duvessa hits you with a +0 short sword!!
Duvessa completely misses you.
You conjure some foxfire!
Malevolent energies surge around you. Duvessa hits you but does no damage.
Unknown command.
You conjure some foxfire!
Malevolent energies surge around you.
The foxfire hits Duvessa but does no damage.
Duvessa is heavily wounded.
The foxfire hits Duvessa.
Duvessa is heavily wounded.
Duvessa barely misses you.
Eustachio mumbles some strange words.
Duvessa hits you with a +0 short sword!
The white imp grins evilly.
You are too injured to fight recklessly!
The foxfire hits Duvessa.
Duvessa is heavily wounded.
The foxfire hits Duvessa.
Duvessa is heavily wounded.
The bat hits you but does no damage.
The orc wizard gestures wildly while chanting.
The orc wizard flickers and vanishes!
Deactivating autopickup; reactivate with Ctrl-A.
You hear a shout!
Aiming: Paralyse
Press: ? - help, Shift-Dir - straight line, f - Duvessa
Aim: Duvessa, wielding a +0 short sword and wearing a +2 leather armour of poison resistance (heavily wounded, berserk, chance to affect: 31%) Duvessa easily resists.
The bat hits you but does no damage. Duvessa hits you with a +0 short sword!
* * * LOW HITPOINT WARNING * * *
Duvessa hits you with a +0 short sword!
* * * LOW HITPOINT WARNING * * *
As you read the scroll labelled ZUNAUT PYEMEUT, it crumbles to dust.
Wisps of shadow whirl around you...
It was a scroll of summoning.
The bat closely misses you. Duvessa hits you with a +0 short sword.
You die...

###..........####..#
##........## #..
##.....##.# ..
###.....##...# # .
###......####.##
..#.....#.........
.......###....####
#.....Z##Y.....#.
#..##..@b.........
#.....e@.Z........
..................
...##.5.......(#..
.. #..).......#.# .
#.5........#..
##.#....#..##.
5Y#..#.##..
.5....... ..


You could see Eustachio, Duvessa (berserk, ally target), a sky beast, a quasit
(summoned), a white imp (summoned), a shadow imp (summoned), a bat (summoned,
ally target), a friendly ice beast (summoned), a friendly killer bee zombie
(summoned) and a friendly howler monkey skeleton (summoned).

Vanquished Creatures
  Pikel (D:5)
  A wyvern (D:5)
  The ghost of Destinykillz the Ruffian, an amateur TrCK of Xom (D:4)
  A necrophage (D:6)
  4 ogres
  A lemure (D:5)
  2 scorpions (D:4)
  Dowan (D:6)
  A water moccasin skeleton (D:5)
  Jessica (D:3)
  An iguana (D:5)
  2 orc wizards (D:4)
  A hound skeleton (D:4)
  A howler monkey zombie (D:5)
  10 adders
  A white imp (D:6)
  An ufetubus (D:5)
  An adder skeleton (D:4)
  2 worms
  A dart slug (D:2)
  11 orcs
  10 endoplasms
  A giant cockroach (D:1)
  5 goblins
  4 hobgoblins
  8 kobolds
  3 quokkas
  3 ball pythons (D:1)
  3 bats
  6 frilled lizards
  2 rats (D:1)
91 creatures vanquished.

Vanquished Creatures (others)
  444 foxfires
444 creatures vanquished.

Grand Total: 535 creatures vanquished

Notes
Turn   | Place    | Note
-------+----------+-------------------------------------------
     0 | D:1      | vvl the Demonspawn Fire Elementalist began the quest for
                  | the Orb.
     0 | D:1      | Reached XP level 1. HP: 13/13 MP: 3/3
   215 | D:1      | Gained mutation: You are partially covered in rugged brown
                  | scales. (AC +1, +3% HP) [demonic ancestry]
   215 | D:1      | Reached XP level 2. HP: 13/19 MP: 0/5
   781 | D:1      | Reached skill level 3 in Fire Magic
  1146 | D:1      | Found a faded altar of an unknown god.
  1309 | D:2      | Reached skill level 1 in Necromancy
  1309 | D:2      | Gained mutation: Spells you cast may paralyse adjacent
                  | enemies. [demonic ancestry]
  1309 | D:2      | Reached XP level 3. HP: 24/24 MP: 6/6
  2168 | D:2      | Gained mutation: Spells you cast may paralyse nearby
                  | enemies. [demonic ancestry]
  2168 | D:2      | Reached XP level 4. HP: 13/30 MP: 7/7
  2585 | D:2      | Learned a level 2 spell: Scorch
  2966 | D:3      | Noticed Jessica
  2967 | D:3      | Noticed an ogre
  2970 | D:3      | Killed Jessica
  3003 | D:3      | Killed an ogre
  3004 | D:3      | Gained mutation: You are mostly covered in rugged brown
                  | scales. (AC +2, +5% HP) [demonic ancestry]
  3004 | D:3      | Reached XP level 5. HP: 23/36 MP: 9/9
  3584 | D:3      | Reached skill level 4 in Fire Magic
  3942 | D:4      | Gained mutation: You have large cloven feet. [demonic
                  | ancestry]
  3942 | D:4      | Reached XP level 6. HP: 32/44 MP: 10/10
  4177 | D:4      | Found a staircase to the Ecumenical Temple.
  4212 | Temple   | Entered the Ecumenical Temple
  4743 | Temple   | Became a worshipper of Makhleb the Destroyer
  4858 | D:4      | Reached skill level 1 in Fighting
  5080 | D:4      | Reached skill level 1 in Armour
  5247 | D:4      | Found a large runed translucent door.
  5247 | D:4      | Found a large runed translucent door.
  5249 | D:4      | Noticed Destinykillz's ghost (amateur TrCK)
  5408 | D:4      | Killed Destinykillz's ghost
  5409 | D:4      | Reached skill level 1 in Invocations
  5409 | D:4      | Reached XP level 7. HP: 22/50 MP: 11/11
  5695 | D:5      | Entered Level 5 of the Dungeon
  5870 | D:5      | Found a transporter.
  5873 | D:5      | Noticed vvl's ghost (novice DrVM)
  5874 | D:5      | Found a transporter.
  5937 | D:5      | Noticed a wyvern
  5950 | D:5      | Killed a wyvern
  6154 | D:5      | Reached skill level 5 in Fire Magic
  6394 | D:5      | Noticed Pikel
  6436 | D:5      | Killed Pikel
  6437 | D:5      | Reached XP level 8. HP: 30/59 MP: 8/13
  6944 | D:5      | Found Couxzose's Antique Weapon Shop.
  7250 | D:6      | Noticed Dowan
  7254 | D:6      | Noticed Duvessa
  7258 | D:6      | Noticed Eustachio
  7260 | D:6      | Killed Dowan
  7267 | D:6      | HP: 2/59 [Duvessa (12)]
  7268 | D:6      | Slain by Duvessa

Illustrated notes

Levels and vault maps discovered:
D:1:      grunt_arrival_lava_bath, layout_loops_ring,
          shapermc_ecumenical_altar_notcrosses, hangedman_decor_push
D:2:      layout_basic, serial_rivers, chequers_serial_rivers_micro_e,
          chequers_serial_rivers_small_b, chequers_serial_rivers_room_b,
          chequers_serial_rivers_micro_c, chequers_serial_rivers_room_a,
          minmay_diced_spiral
D:3:      layout_basic, marbit_many_paths, uniq_jessica
D:4:      wander_river, layout_loops_cross, minmay_temple_entry_waves,
          ebering_ghost_disaster_area, minmay_misc_feat_x
D:5:      layout_basic, gammafunk_ghost_mausoleum, serial_shops,
          nicolae_square_shop, chequers_serial_rivers_micro_e,
          kennysheep_cross_bottleneck, uniq_pikel
D:6:      layout_cave_pools, uniq_eustachio, uniq_duvessa
Temple:   mainiacjoe_temple_big_plus

Skill      XL: |  1  2  3  4  5  6  7  8 |
---------------+-------------------------+-----
Stealth        | 2 |  2.0
Fire Magic     | 3 4 5 |  5.6
Dodging        | 2 3 |  3.9
Necromancy     | 1 2 3 |  3.9
Conjurations   | 2 3 |  3.8
Spellcasting   | 3 4 |  4.0
Fighting       | 1 2 |  2.7
Armour         | 1 2 |  2.5
Invocations    | 1 3 |  3.4

Action                   |  1- 3 |  4- 6 |  7- 9 || total
-------------------------+-------+-------+-------++-------
Melee: Unarmed           |     7 |       |       ||     7
       Dagger            |    28 |    28 |    11 ||    67
       Short sword       |    18 |       |       ||    18
       Kick              |       |     6 |     7 ||    13
       Whip              |       |       |     6 ||     6
 Cast: Foxfire           |    60 |   110 |    97 ||   267
       Scorch            |       |    14 |       ||    14
Evoke: Wand              |       |       |     1 ||     1
  Use: Scroll            |       |       |     1 ||     1
 Stab: Sleeping          |     4 |     1 |     1 ||     6
       Paralysed         |     2 |     6 |     4 ||    12
Armor: Robe              |    15 |     9 |     6 ||    30
Dodge: Dodged            |    33 |    17 |    17 ||    67
